 Dungeon Crawl Stone Soup version 0.29.1-13-g9f3cf754e1 (webtiles) character file.

Game seed: 1225009212114621946

3 Thatpatchoflichen the Shooter (level 1, -1/12 HPs)
             Began as a Kobold Hunter on Jan 23, 2023.
             Slain by a goblin
             ... wielding a +0 club
              (2 damage)
             ... on level 1 of the Dungeon.
             The game lasted 00:00:43 (33 turns).

Thatpatchoflichen the Shooter (Kobold Hunter)         Turns: 33, Time: 00:00:43

Health: -1/12      AC:  3    Str:  8    XL:     1   Next: 55%
Magic:  1/1        EV: 14    Int: 10    God:
Gold:   0          SH:  0    Dex: 18    Spells: 0/0 levels left

rFire   . . .      SeeInvis .   a - +0 shortbow
rCold   . . .      Faith    .   (shield currently unavailable)
rNeg    . . .      Spirit   .   c - +0 leather armour
rPois   .          Reflect  .   (no helmet)
rElec   .          Harm     .   (no cloak)
rCorr   .          Rampage  .   (no gloves)
Will    .....                   (no boots)
Stlth   +++.......              (no amulet)
HPRegen 0.04/turn               (no ring)
MPRegen 0.07/turn               (no ring)

@: no status effects
A: small, no large weapons, nightstalker 3
a: no special abilities


You were on level 1 of the Dungeon.
You visited 1 branch of the dungeon, and saw 1 of its levels.

Inventory:

Hand Weapons
 a - a +0 shortbow (weapon)
Armour
 c - a +0 leather armour (worn)
Scrolls
 b - a scroll of immolation


   Skills:
 + Level 2.3 Fighting
 + Level 5.3 Ranged Weapons
 + Level 2.5 Dodging
 + Level 1.6 Stealth


You couldn't memorise any spells.
You didn't know any spells.
Your spell library was empty.

Dungeon Overview and Level Annotations

Branches:
Dungeon (1/15)

Altars:


Innate Abilities, Weirdness & Mutations

You are small and have problems with some larger weapons.
You are completely attuned to the shadows.


Message History

Aim: a jackal (heavily wounded, 58% to hit)
You shoot an arrow. The arrow hits the jackal.
You kill the jackal!
You hear a bark!
Fire: a) +0 shortbow
Press: ? - help, Q - select action Shift-Dir - straight line, f - goblin
Aim: a goblin, wielding a +0 club (58% to hit)
You shoot an arrow. The arrow misses the goblin.
The arrow hits the giant cockroach!
You kill the giant cockroach!
A jackal comes into view. x2
Fire: a) +0 shortbow
Press: ? - help, Q - select action Shift-Dir - straight line, f/p - goblin
Aim: a goblin, wielding a +0 club (58% to hit)
You shoot an arrow. The jackal barks!
The arrow hits the goblin but does no damage.
The rat barely misses you. The goblin closely misses you.
A giant cockroach comes into view.
Fire: a) +0 shortbow
Press: ? - help, Q - select action Shift-Dir - straight line, f/p - goblin
Aim: a goblin, wielding a +0 club (58% to hit)
You shoot an arrow. The arrow closely misses the goblin.
The arrow closely misses the jackal.
The goblin hits you but does no damage.
A rat comes into view.
The rat bites you.
Fire: a) +0 shortbow
Press: ? - help, Q - select action Shift-Dir - straight line, f/p - goblin
Aim: a goblin, wielding a +0 club (58% to hit)
You shoot an arrow. The arrow closely misses the goblin.
The arrow barely misses the jackal.
The arrow closely misses the giant cockroach.
The rat bites you. The goblin hits you with a +0 club.
The rat bites you but does no damage. The goblin closely misses you.
The rat attacks as you move away! The rat misses you.
The goblin hits you with a +0 club.
* * * LOW HITPOINT WARNING * * *
The goblin attacks as you move away! The goblin hits you with a +0 club.
You die...

#..##..# .# #......#
###.###
##†##..####......
###>....##..........
##.##..#..........
...###.....###..†.
.##. ####....r.B..
.. ##.##hgh..
#...@##.. ####....#
..>### #####


You could see 2 jackals, a giant cockroach, a goblin and a rat.

Vanquished Creatures
  A giant cockroach (D:1)
  A jackal (D:1)
  A rat (D:1)
3 creatures vanquished.

Notes
Turn   | Place    | Note
-------+----------+-------------------------------------------
     0 | D:1      | Thatpatchoflichen the Kobold Hunter began the quest for the
                  | Orb.
     0 | D:1      | Reached XP level 1. HP: 12/12 MP: 1/1
    33 | D:1      | Slain by a goblin

Illustrated notes

Levels and vault maps discovered:
D:1:      onia_arrival_handbag, layout_basic

Action                   || total
-------------------------++-------
 Fire: Shortbow          ||     7
Armor: Leather armour    ||     2
Dodge: Dodged            ||     4
